 Dungeon Crawl Stone Soup version 0.30.0-29-ga12c61a403 (webtiles) character file.

Game seed: 15576000715203552539

4795 LynnLen the Covert (level 10, -3/44 HPs)
             Began as a Spriggan Enchanter on June 20, 2023.
             Was a Believer of Nemelex Xobeh.
             Slain by Gastronok (17 damage)
             ... on level 1 of the Lair of Beasts.
             The game lasted 00:34:52 (11438 turns).

LynnLen the Covert (Spriggan Enchanter)            Turns: 11438, Time: 00:34:53

Health: -3/44      AC:  5    Str:  4    XL:     10   Next: 24%
Magic:  23/23      EV: 18    Int: 22    God:    Nemelex Xobeh [**....]
Gold:   577        SH:  0    Dex: 21    Spells: 1/25 levels left

rFire   . . .        o - +6 dagger (drain)
rCold   . . .        (no shield)
rNeg    . . .        b - +1 robe
rPois   .            (helmet restricted)
rElec   .            u - +1 cloak
rCorr   .            (gloves unavailable)
SInv    +            (boots unavailable)
Will    +....        (no amulet)
Stlth   ++++         h - ring of flight
HPRegen 0.27/turn    B - +6 ring of dexterity
MPRegen 0.18/turn

%: no passive effects
@: mighty, silenced, flying, very quick
A: very small, no large weapons, unfitting armour, see invisible, speed 3
a: Renounce Religion


You were on level 1 of the Lair of Beasts.
You worshipped Nemelex Xobeh.
Nemelex Xobeh was pleased with you.
You visited 3 branches of the dungeon, and saw 12 of its levels.
You also visited: Sewer.

You collected 577 gold pieces.

Inventory:

Hand Weapons
 o - a +6 dagger of draining (weapon)
Missiles
 c - 80 stones (quivered)
 e - 2 curare-tipped darts
 s - 28 poisoned darts
Armour
 b - a +1 robe (worn)
 u - a +1 cloak (worn)
Magical Staves
 y - the staff of earth "Agocuwk" {Dex+2}
   (You found it on level 6 of the Dungeon)

   [staff of earth]

   Base accuracy: +5 Base damage: 5 Base attack delay: 1.2 This weapon's minimum
   attack delay (0.6) is reached at skill level 12.
   Dex:       It affects your dexterity (+2).
   It falls into the 'Staves' category.
   It is a two-handed weapon.
Jewellery
 h - a ring of flight (left hand)
 r - an amulet of the acrobat
 B - a +6 ring of dexterity (right hand)
 E - a +6 ring of strength
Wands
 k - a wand of digging (12)
 A - a wand of paralysis (9)
 D - a wand of quicksilver (4)
Scrolls
 d - 2 scrolls of vulnerability
 f - a scroll of magic mapping {unknown}
 i - 2 scrolls of fear {unknown}
 n - 2 scrolls of silence
 q - 3 scrolls of fog {unknown}
 z - 3 scrolls of teleportation {unknown}
 C - a scroll of torment {unknown}
 F - a scroll of blinking {unknown}
 G - a scroll of butterflies {unknown}
Potions
 a - a potion of berserk rage {unknown}
 g - 3 potions of attraction
 j - 2 potions of mutation
 l - 2 potions of lignification {unknown}
 m - a potion of might
 p - 2 potions of haste {unknown}
 t - 3 potions of flight
 v - a potion of degeneration {unknown}
 w - 2 potions of cancellation
 x - a potion of resistance {unknown}


   Skills:
 - Level 1.1 Short Blades
 - Level 2.6 Dodging
 + Level 12.2 Stealth
 + Level 8.4 Spellcasting
 * Level 3.5 Conjurations
 + Level 8.4 Hexes
 * Level 3.6 Air Magic
 * Level 4.1 Earth Magic
 * Level 6.2 Evocations


You had one spell level left.
You knew the following spells:

 Your Spells              Type           Power      Damage    Failure   Level
a - Ensorcelled Hibernat  Hex/Ice        54%        N/A       1%          2
b - Confusing Touch       Hex            46%        N/A       1%          3
c - Tukima's Dance        Hex            46%        N/A       1%          3
d - Stone Arrow           Conj/Erth      52%        3d10      4%          3
e - Passwall              Tmut/Erth      15%        N/A       4%          2
f - Static Discharge      Conj/Air       50%        2-5/arc   2%          2
g - Silence               Hex/Air        18%        N/A       16%         5
h - Summon Lightning Spi  Summ/Air       17%        N/A       32%         4

Your spell library contained the following spells:

 Spells                   Type           Power      Damage    Failure   Level
 Sandblast                Erth           54%        2d13      1%          1
 Dazzling Flash           Conj/Hex       70%        N/A       1%          3
 Cigotuvi's Dreadful Rot  Necr/Pois/Air  28%        N/A       7%          2
 Airstrike                Air            12%        2d(2-18)  16%         4
 Ignite Poison            Fire/Tmut/Pois 9%         N/A       22%         3
 Freezing Cloud           Conj/Ice/Air   9%         6-21      58%         5
 Agony                    Necr           9%         N/A       89%         5


Dungeon Overview and Level Annotations

Branches:
Dungeon (10/15)            Temple (1/1) D:5            Lair (1/5) D:8
  Sewer (visited)
    Orc: D:9-12

Altars:
Ashenzari
Cheibriados
Dithmenos
Elyvilon
Fedhas
Gozag
Hepliaklqana
Kikubaaqudgha
Makhleb
Nemelex Xobeh
Okawaru
Qazlal
Ru
Sif Muna
Trog
Uskayaw
Vehumet
Wu Jian
Xom
Yredelemnul
Zin
The Shining One

Shops:
D:2 [

Annotations:
Lair:1 Gastronok


Innate Abilities, Weirdness & Mutations

You are very small and have problems with some larger weapons.
You are too small for most types of armour.
You have supernaturally acute eyesight. (SInv)
You cover ground extremely quickly. (Speed+++)


Message History

The air twists around and strikes you!!
Ouch! That really hurt!
* * * LOW HITPOINT WARNING * * *
Your magical contamination has completely faded away.
There is a staircase back to the Dungeon here.
You fly upwards.
Welcome back to the Dungeon!
There is a staircase to the Lair here.
You start resting.
Magic restored.
You start resting.
HP restored.
Okay, then.
Okay, then.
Okay, then.
You fly downwards.
Welcome back to the Lair of Beasts!
Level annotation: Gastronok
There is a staircase back to the Dungeon here.
Unknown command.
As you read the scroll of silence, it crumbles to dust.
A profound silence engulfs you.
You feel very mighty all of a sudden.
You puncture Gastronok! You drain Gastronok.
Gastronok is lightly wounded.
You puncture Gastronok!
Gastronok is lightly wounded.
Gastronok bites you.
You completely miss Gastronok.
Gastronok is lightly wounded.
You puncture Gastronok!
Gastronok is moderately wounded.
Gastronok bites you!!
Ouch! That really hurt!
* * * LOW HITPOINT WARNING * * *
You hit Gastronok.
Gastronok is moderately wounded.
You puncture Gastronok! You drain Gastronok!
Gastronok is heavily wounded.
Gastronok bites you!
You die...
Your body disappears without a glow.

###..##.#.# .##
#.........# ....
#........## .....
#.........#
......######........#####
.....w'...#..............
......###..[.....†..#
..... ###.w.......# ....
##.@......# ...
###.#...P# #. #.......# #
#≈#.~.....## #~~≈≈.<.~.#
#..~≈≈≈~..~.#
#..~≈≈≈≈~≈~~....
...~~≈≈≈≈≈≈~~P..
#...≈~≈≈≈≈≈~$+..


You could see Gastronok (drained).

Vanquished Creatures
  2 rime drakes
  A komodo dragon (Lair:1)
  Grinder (D:5)
  Prince Ribbit (D:5)
  Sigmund (D:2)
  A water moccasin (D:8)
  Duvessa (D:4)
  6 ice beasts (D:8)
  3 ogres
  A wolf (D:8)
  2 centaurs
  2 kobold brigands
  4 bullfrogs
  2 scorpions (D:5)
  A wight (D:5)
  Dowan (D:4)
  10 killer bees
  4 howler monkeys
  3 orc priests
  Crazy Yiuf (D:7)
  A gnoll bouda (D:4)
  6 hounds
  A jelly (D:4)
  4 iguanas
  A sleepcap (D:6)
  7 orc wizards
  Robin (D:2)
  A gnoll (D:4)
  2 river rats
  6 adders
  A shadow imp (D:6)
  A white imp (D:5)
  2 ufetubi
  A worm (D:4)
  3 dart slugs
  22 orcs
  3 endoplasms
  6 giant cockroaches
  15 goblins
  9 hobgoblins
  3 jackals
  4 quokkas
  7 ball pythons
  8 bats
  4 frilled lizards
  13 kobolds
  11 rats
  A butterfly (D:5)
192 creatures vanquished.

Vanquished Creatures (collateral kills)
  Blork the orc (D:6)
  An orc wizard (D:2)
  2 gnolls (D:4)
  A goblin (D:2)
5 creatures vanquished.

Vanquished Creatures (others)
  A dancing weapon (D:4)
1 creature vanquished.

Grand Total: 198 creatures vanquished

Notes
Turn   | Place    | Note
-------+----------+-------------------------------------------
     0 | D:1      | LynnLen the Spriggan Enchanter began the quest for the Orb.
     0 | D:1      | Reached XP level 1. HP: 9/9 MP: 5/5
   496 | D:1      | Reached XP level 2. HP: 12/13 MP: 6/6
   499 | D:1      | Learned a level 2 spell: Ensorcelled Hibernation
  1048 | D:2      | Reached skill level 5 in Stealth
  1140 | D:2      | Reached XP level 3. HP: 16/16 MP: 8/8
  1406 | D:2      | Noticed Sigmund
  1463 | D:1      | Learned a level 3 spell: Confusing Touch
  1467 | D:1      | Learned a level 3 spell: Tukima's Dance
  1492 | D:2      | Reached XP level 4. HP: 16/21 MP: 10/10
  2005 | D:2      | Reached skill level 6 in Stealth
  2133 | D:2      | Reached skill level 5 in Hexes
  2247 | D:2      | Noticed Robin
  2264 | D:2      | Killed Robin
  2343 | D:2      | Reached XP level 5. HP: 21/24 MP: 11/11
  2497 | D:2      | Killed Sigmund
  2498 | D:2      | Reached skill level 7 in Stealth
  2498 | D:2      | Reached XP level 6. HP: 28/28 MP: 7/14
  2584 | D:2      | Found Soirel's Armour Boutique.
  3209 | D:3      | Noticed an ice beast
  3374 | D:3      | Found a faded altar of an unknown god.
  3419 | D:3      | Found a blossoming altar of Fedhas.
  3420 | D:3      | Found an ancient bone altar of Kikubaaqudgha.
  3771 | D:3      | Reached skill level 5 in Spellcasting
  4076 | D:4      | Reached skill level 8 in Stealth
  4093 | D:4      | Learned a level 3 spell: Stone Arrow
  4096 | D:4      | Learned a level 2 spell: Passwall
  4280 | D:4      | Found a glowing drain.
  4602 | Sewer    | Entered a sewer
  4687 | Sewer    | Reached skill level 1 in Evocations
  4687 | Sewer    | Reached XP level 7. HP: 32/32 MP: 15/15
  4698 | Sewer    | Found a white marble altar of Elyvilon.
  4874 | D:4      | Reached skill level 1 in Earth Magic
  4906 | D:4      | Reached skill level 9 in Stealth
  5065 | D:4      | Reached skill level 1 in Conjurations
  5113 | D:4      | Found a broken altar of Ashenzari.
  5133 | D:4      | Noticed Dowan
  5153 | D:4      | Noticed Duvessa
  5169 | D:4      | Killed Dowan
  5224 | D:4      | Killed Duvessa
  5566 | D:5      | Entered Level 5 of the Dungeon
  5877 | D:5      | Found a staircase to the Ecumenical Temple.
  5958 | Temple   | Entered the Ecumenical Temple
  6117 | Temple   | Became a worshipper of Nemelex Xobeh the Trickster
  6158 | D:5      | Found an opulent altar of Gozag.
  6243 | D:5      | Reached XP level 8. HP: 36/36 MP: 17/17
  6246 | D:5      | Learned a level 2 spell: Static Discharge
  6410 | D:5      | Noticed Grinder
  6448 | D:5      | Killed Grinder
  6449 | D:5      | Reached skill level 10 in Stealth
  7015 | D:6      | Reached skill level 1 in Air Magic
  7026 | D:6      | Identified the staff of earth "Agocuwk" {Dex+2}
  7062 | D:6      | Reached * piety under Nemelex Xobeh
  7167 | D:6      | Noticed Prince Ribbit
  7663 | D:5      | Killed Prince Ribbit
  7664 | D:5      | Reached skill level 11 in Stealth
  7664 | D:5      | Reached XP level 9. HP: 33/39 MP: 10/20
  7711 | D:6      | Noticed Blork the orc
  7739 | D:6      | Killed Blork the orc
  8068 | D:6      | Found a shimmering altar of Xom.
  8247 | D:7      | Received a gift from Nemelex Xobeh
  8659 | D:7      | Found a hazy altar of Hepliaklqana.
  8664 | D:7      | Found a shadowy altar of Dithmenos.
  8708 | D:7      | You are sucked into a shaft and drop 3 floors!
  8708 | D:10     | Entered Level 10 of the Dungeon
  8929 | D:7      | Found a basalt altar of Yredelemnul.
  9030 | D:7      | HP: 1/39 [poisoned by a killer bee]
  9264 | D:7      | Identified the +1 falchion "Bacu" {venom, rC++ Str+4 Int+3
                  | Dex-4}
  9339 | D:7      | Found an ornate altar of the Wu Jian Council.
  9395 | D:7      | Found a runed translucent door.
  9396 | D:7      | Noticed Crazy Yiuf
  9470 | D:7      | Reached ** piety under Nemelex Xobeh
  9544 | D:7      | Killed Crazy Yiuf
  9642 | D:8      | Reached skill level 5 in Evocations
  9846 | D:8      | Found a snail-covered altar of Cheibriados.
 10318 | D:8      | Found a staircase to the Lair.
 10402 | D:8      | Noticed a rime drake
 10721 | D:8      | Reached skill level 12 in Stealth
 10808 | D:8      | Reached XP level 10. HP: 44/44 MP: 13/23
 10887 | D:8      | Learned a level 5 spell: Silence
 10892 | D:8      | Learned a level 4 spell: Summon Lightning Spire
 11239 | Lair:1   | Entered Level 1 of the Lair of Beasts
 11258 | Lair:1   | Noticed Gastronok
 11438 | Lair:1   | Slain by Gastronok

Illustrated notes

Levels and vault maps discovered:
D:1:      eino_arrival_water_star, layout_loops_ring
D:2:      minmay_evil_eye, layout_basic, serial_shops, nicolae_square_shop,
          minivault_14, kennysheep_generic_room_16, uniq_robin, uniq_sigmund
D:3:      layout_basic, grunt_temple_overflow_growth_and_decay,
          ebering_ecumenical_altar_sacrificial
D:4:      layout_basic, cheibrodos_ashenzari_chains,
          cheibrodos_sewer_entry_sluice, uniq_duvessa
D:5:      layout_gridville, mainiacjoe_overflow_24_doors,
          minmay_temple_entry_butterflies, uniq_grinder
D:6:      layout_cave_pools, xom_teletrap_fun, minmay_diced_spiral,
          uniq_prince_ribbit1, uniq_blork_the_orc
D:7:      layout_cave_pools, riverfiend_overflow_shadow_ancestor,
          nzn_wu_jian_council_hall, amcnicky_altar_gilded,
          uniq_crazy_yiuf_cottage
D:8:      layout_loops_cross, marbit_many_paths, hellmonk_lair_entry_icy
D:9:      layout_stronghold, orc_0_dummy
D:10:     layout_irregular_city, minmay_tree_intersection, disabler_island,
          uniq_erica
Temple:   hellmonk_temple_flake
Lair:1:   layout_roguey, basic_altar, infiniplex_staircase_pool, uniq_maggie,
          uniq_gastronok, uniq_sonja

Skill      XL: |  1  2  3  4  5  6  7  8  9 10 |
---------------+-------------------------------+-----
Hexes          | 4 5 6 7 8 |  8.4
Stealth        | 5 6 7 8 9 11 12 | 12.2
Spellcasting   | 3 4 5 6 8 |  8.4
Evocations     | 1 2 4 5 6 |  6.2
Earth Magic    | 1 2 3 4 |  4.1
Conjurations   | 1 2 3 |  3.5
Air Magic      | 2 3 |  3.6
Short Blades   | |  1.1
Dodging        | |  2.6

Action                     |  1- 3 |  4- 6 |  7- 9 | 10-12 || total
---------------------------+-------+-------+-------+-------++-------
  Melee: Dagger            |   148 |   196 |   284 |    13 ||   641
         Punch             |       |     2 |     2 |     1 ||     5
  Throw: Dart              |       |       |     2 |       ||     2
         Stone             |       |       |     1 |     3 ||     4
   Cast: Ensorcelled Hiber |    10 |    20 |    65 |     6 ||   101
         Tukima's Dance    |       |     5 |    10 |       ||    15
         Confusing Touch   |       |     3 |    19 |     1 ||    23
         Stone Arrow       |       |       |    11 |     7 ||    18
    Use: Scroll            |     3 |     3 |     9 |     1 ||    16
         Potion            |     1 |     1 |     8 |     1 ||    11
   Stab: Sleeping          |     4 |    17 |    45 |     4 ||    70
         Distracted        |     1 |     3 |     2 |       ||     6
         Invisible         |       |     1 |       |       ||     1
         Confused          |       |     4 |     7 |     1 ||    12
 Armour: Robe              |    34 |    20 |    46 |       ||   100
  Dodge: Dodged            |   101 |   150 |   301 |     1 ||   553
